 Dungeon Crawl Stone Soup version 0.19.5 (webtiles) character file.

119 vatarom the Gusty (level 5, -11/28 HPs)
             Began as a Tengu Air Elementalist on Mar 8, 2017.
             Killed by divine providence
             ... invoked by an orc priest
              (12 damage)
             ... on level 3 of the Dungeon.
             The game lasted 00:07:06 (2323 turns).

vatarom the Gusty (Tengu Air Elementalist)          Turns: 2323, Time: 00:07:07

Health: -11/28     AC:  3    Str:  8    XL:     5   Next: 3%
Magic:  1/9        EV: 18    Int: 17    God:
Gold:   137        SH:  0    Dex: 14    Spells: 3 memorised, 3 levels left

rFire  . . .     SeeInvis .     i - +1 short sword (elec)
rCold  . . .     Gourm    .     a - +1 robe
rNeg   . . .     Faith    .     (no shield)
rPois  .         Spirit   .     (helmet restricted)
rElec  .         Reflect  .     (no cloak)
rCorr  .         Harm     .     (no gloves)
MR     .....                    (boots unavailable)
Stlth  ++........               k - amulet of magic regeneration
                                (no ring)
                                f - +6 ring of evasion

@: repel missiles
A: beak, talons 3, able to fly 1
a: Fly


You were on level 3 of the Dungeon.
You were not hungry.

You visited 1 branch of the dungeon, and saw 3 of its levels.

You collected 137 gold pieces.

Inventory:

Hand Weapons
 e - a +0 dagger
 i - a +1 short sword of electrocution (weapon)
 m - a +0 dagger of venom
Armour
 a - a +1 robe (worn)
Jewellery
 f - a +6 ring of evasion (left hand)
 k - an amulet of magic regeneration (around neck)
Scrolls
 g - a scroll of remove curse
 j - a scroll of fear
Books
 b - a book of Air

   Spells                             Type                      Level
   a - Shock                          Conjuration/Air              1
   b - Swiftness                      Charms/Air                   2
   c - Repel Missiles                 Charms/Air                   2
   d - Static Discharge               Conjuration/Air              3
   e - Lightning Bolt                 Conjuration/Air              5
Comestibles
 c - a bread ration
 d - a meat ration
 h - a slice of pizza


   Skills:
 - Level 2.1 Dodging
 - Level 2.0 Stealth
 - Level 2.0 Spellcasting
 - Level 1.3 Conjurations
 + Level 7.3 Air Magic


You had 3 spell levels left.
You knew the following spells:

 Your Spells              Type           Power        Failure   Level  Hunger
a - Shock                 Conj/Air       ###.         3%          1    #......
b - Repel Missiles        Chrm/Air       ##....       10%         2    ###....
c - Swiftness             Chrm/Air       ##......     10%         2    ###....


Dungeon Overview and Level Annotations

Branches:
Dungeon (3/15)

Altars:
Ashenzari

Annotations:
D:3 Ijyb; raph's ghost, amateur HaBe


Innate Abilities, Weirdness & Mutations

You have a beak for a mouth.
You have claws for feet.
You can fly.


Message History

Unknown command.
The orc priest invokes the aid of Beogh against you.
Beogh smites you!
* * * LOW HITPOINT WARNING * * *
You hear a shout!
You feel better.
A goblin comes into view. It is wielding a flail.
Casting: Shock
Confirm with . or Enter, or press ? or * to list all spells.
Aiming: Shock
Press: ? - help, Shift-Dir - straight line The zap misses the orc.
The zap misses the orc priest.
The orc completely misses you.
The orc priest invokes the aid of Beogh against you.
Beogh smites you!
* * * LOW HITPOINT WARNING * * *
You aren't carrying any potions.
The orc priest mumbles some strange prayers to Beogh against you.
Beogh smites you!
You die...

... #.# #.# ##.#######
#........# .# #
#........# . . #........#
.# . #........#########
..# ##.
#.)<...........@o#####..#
#..
#........#######..o.....#
#.....#%...


You could see an orc priest and 2 orcs.

Vanquished Creatures
  5 adders
  A gnoll (D:1)
  A worm (D:2)
  A dart slug (D:2)
  5 leopard geckos
  A ball python (D:2)
  6 bats
  2 giant cockroaches
  11 goblins
  3 hobgoblins
  2 frilled lizards
  6 kobolds
  11 rats
55 creatures vanquished.

Notes
Turn   | Place    | Note
-------+----------+-------------------------------------------
     0 | D:1      | vatarom the Tengu Air Elementalist began the quest for the Orb.
     0 | D:1      | Reached XP level 1. HP: 10/10 MP: 4/4
   319 | D:1      | Reached XP level 2. HP: 14/15 MP: 4/6
   342 | D:1      | Learned a level 2 spell: Repel Missiles
   345 | D:1      | Learned a level 2 spell: Swiftness
   610 | D:1      | Reached skill level 5 in Air Magic
   811 | D:1      | Reached XP level 3. HP: 19/19 MP: 5/7
  1353 | D:2      | Reached skill level 6 in Air Magic
  1547 | D:2      | Reached XP level 4. HP: 24/24 MP: 4/8
  1995 | D:2      | Found a shattered altar of Ashenzari.
  2036 | D:2      | Reached skill level 7 in Air Magic
  2058 | D:3      | Noticed raph's ghost (amateur HaBe)
  2286 | D:3      | Gained mutation: You can fly. [Tengu growth]
  2286 | D:3      | Reached XP level 5. HP: 28/28 MP: 7/9
  2313 | D:3      | Noticed Ijyb
  2318 | D:3      | HP: 1/28 [orc priest/divine providence (12)]
  2323 | D:3      | Killed from afar by an orc priest

Skill      XL: |  1  2  3  4 |
---------------+-------------+-----
Air Magic      | 5 6 7 |  7.3
Dodging        | |  2.1
Stealth        | |  2.0
Spellcasting   | |  2.0
Conjurations   | |  1.3

Action                   |  1- 3 |  4- 6 || total
-------------------------+-------+-------++-------
Melee: Dagger            |    11 |       ||    11
       Kick              |     4 |     2 ||     6
       Unarmed           |     1 |       ||     1
       Short sword       |       |    12 ||    12
 Cast: Shock             |    59 |    50 ||   109
       Repel Missiles    |     1 |       ||     1
  Use: Scroll            |     5 |     2 ||     7
       Potion            |     1 |     2 ||     3
 Stab: Sleeping          |       |     1 ||     1
  Eat: Fruit             |     3 |       ||     3
       Chunk             |     1 |     1 ||     2
       Meat ration       |       |     1 ||     1
Armor: Robe              |     2 |     4 ||     6
Dodge: Dodged            |    15 |    14 ||    29
       Deflected         |       |     1 ||     1
